[ AOE2 MATCH · #505813628 ]
UnrankedSaracens vs Byzantines
Player's team · WIN
[ REPLAY ANALYSIS · EXTRACTED FROM THE RECORDED GAME ]
Feudal
11:41
Castle
16:35
Imperial
34:21
| APM avg | 56.7 |
| APM peak | 93 |
| eAPM avg | 34.7 |
| Villagers / military | 72 / 74 |
Focus
⚔️ 56.8% · 🌾 43.2%
Scout Cavalry ×70 · Monk ×4
Feudal
13:17
Castle
19:58
Imperial
—
| APM avg | 50.3 |
| APM peak | 82 |
| eAPM avg | 20.5 |
| Villagers / military | 105 / 60 |
Focus
⚔️ 30.6% · 🌾 69.4%
Archer ×40 · Spearman ×17 · Militia ×3
Match map
Initial resources + every placement click. Lines = walls · curves = elevation contours. ◆ gold · ⬟ stone · ● berries · ✦ relic · ◌ wall gap
Your base· Open — unwalled flank
Ing.Patrick QG's base· Open — 5t gap
Smoothed initial terrain · ◌ = detected wall gap · hover for details
Inputs per minute
— Snootydoor8937 - - Ing.Patrick QG
Build order — Snootydoor8937
First 150 of 291 actions detected
| 0:01 | Queue | Villager (Male) |
| 0:01 | Queue | Villager (Male) |
| 0:02 | Build | House |
| 0:03 | Build | House |
| 0:10 | Queue | Villager (Male) |
| 0:14 | Queue | Villager (Male) |
| 1:26 | Queue | Villager (Male) |
| 2:20 | Research | Loom |
| 2:30 | Queue | Villager (Male) |
| 2:48 | Queue | Villager (Male) |
| 3:14 | Build | Lumber Camp |
| 3:29 | Queue | Villager (Male) |
| 3:41 | Queue | Villager (Male) |
| 3:52 | Queue | Villager (Male) |
| 4:08 | Queue | Villager (Male) |
| 4:36 | Build | House |
| 4:37 | Build | House |
| 4:51 | Queue | Villager (Male) |
| 4:59 | Queue | Villager (Male) |
| 5:18 | Queue | Villager (Male) |
| 5:24 | Build | Mill |
| 5:42 | Queue | Villager (Male) |
| 6:02 | Queue | Villager (Male) |
| 6:17 | Queue | Villager (Male) |
| 6:53 | Queue | Villager (Male) |
| 7:14 | Queue | Villager (Male) |
| 7:28 | Build | Mining Camp |
| 8:09 | Queue | Villager (Male) |
| 9:05 | Build | Palisade Wall |
| 9:06 | Queue | Villager (Male) |
| 9:08 | Research | Feudal Age |
| 9:32 | Queue | Villager (Male) |
| 10:27 | Build | House |
| 10:38 | Build | Barracks |
| 10:45 | Queue | Villager (Male) |
| 10:46 | Queue | Villager (Male) |
| 11:14 | Build | Farm |
| 11:26 | Queue | Villager (Male) |
| 11:27 | Queue | Villager (Male) |
| 11:41 | Age | Feudal Age |
| 11:53 | Build | Market |
| 12:16 | Build | Stable |
| 12:33 | Queue | Villager (Male) |
| 12:41 | Build | Farm |
| 12:41 | Build | Farm |
| 12:48 | Queue | Villager (Male) |
| 12:53 | Build | Farm |
| 13:55 | Research | Castle Age |
| 14:05 | Build | Lumber Camp |
| 14:14 | Build | Farm |
| 14:15 | Build | Farm |
| 14:20 | Build | Farm |
| 14:40 | Queue | Scout Cavalry |
| 14:45 | Build | House |
| 14:48 | Build | House |
| 14:51 | Build | Farm |
| 15:06 | Build | Farm |
| 15:23 | Queue | Scout Cavalry |
| 15:27 | Build | House |
| 15:31 | Build | House |
| 15:32 | Build | House |
| 15:49 | Queue | Villager (Male) |
| 15:55 | Build | Blacksmith |
| 15:57 | Queue | Scout Cavalry |
| 16:02 | Build | Farm |
| 16:10 | Research | Double-Bit Axe |
| 16:35 | Age | Castle Age |
| 16:36 | Queue | Villager (Male) |
| 16:39 | Build | Monastery |
| 16:53 | Build | Farm |
| 16:54 | Build | Farm |
| 17:01 | Queue | Villager (Male) |
| 17:06 | Build | Farm |
| 17:23 | Queue | Monk |
| 17:35 | Queue | Scout Cavalry |
| 17:37 | Build | Farm |
| 17:39 | Queue | Villager (Male) |
| 18:09 | Research | Horse Collar |
| 18:15 | Research | Bow Saw |
| 18:28 | Queue | Villager (Male) |
| 18:31 | Build | Farm |
| 18:34 | Build | Farm |
| 18:40 | Research | Light Cavalry (upgrade) |
| 18:40 | Research | Light Cavalry (upgrade) |
| 18:40 | Research | Light Cavalry (upgrade) |
| 19:34 | Queue | Scout Cavalry |
| 19:34 | Queue | Scout Cavalry |
| 19:39 | Queue | Villager (Male) |
| 19:51 | Build | Farm |
| 19:54 | Queue | Scout Cavalry |
| 20:36 | Queue | Scout Cavalry |
| 20:38 | Queue | Monk |
| 20:49 | Queue | Villager (Male) |
| 20:54 | Queue | Villager (Male) |
| 21:02 | Research | Scale Barding Armor |
| 21:03 | Build | Farm |
| 21:08 | Queue | Monk |
| 21:20 | Queue | Villager (Male) |
| 21:25 | Build | Farm |
| 21:26 | Build | Farm |
| 21:27 | Build | Farm |
| 21:28 | Build | Farm |
| 21:28 | Build | Farm |
| 21:29 | Build | Farm |
| 21:32 | Build | Stable |
| 21:46 | Queue | Villager (Male) |
| 21:59 | Research | Chain Barding Armor |
| 22:00 | Research | Chain Barding Armor |
| 22:08 | Queue | Scout Cavalry |
| 22:08 | Queue | Scout Cavalry |
| 22:18 | Build | Farm |
| 22:21 | Build | Farm |
| 22:23 | Build | Farm |
| 22:25 | Research | Bloodlines |
| 22:25 | Research | Bloodlines |
| 22:31 | Queue | Villager (Male) |
| 22:37 | Queue | Villager (Male) |
| 22:40 | Build | House |
| 22:41 | Build | House |
| 22:41 | Build | House |
| 22:45 | Build | Farm |
| 22:45 | Build | Farm |
| 22:46 | Build | Farm |
| 22:46 | Build | Farm |
| 22:47 | Queue | Villager (Male) |
| 22:56 | Queue | Villager (Male) |
| 23:02 | Build | House |
| 23:02 | Build | House |
| 23:18 | Queue | Villager (Male) |
| 23:23 | Queue | Scout Cavalry |
| 23:23 | Queue | Scout Cavalry |
| 23:38 | Queue | Scout Cavalry |
| 23:38 | Queue | Scout Cavalry |
| 23:48 | Build | House |
| 23:59 | Build | Farm |
| 23:59 | Build | Farm |
| 24:00 | Build | Farm |
| 24:00 | Build | Farm |
| 24:00 | Build | Farm |
| 24:00 | Build | Farm |
| 24:01 | Build | Farm |
| 24:01 | Build | Farm |
| 24:11 | Queue | Monk |
| 25:10 | Queue | Scout Cavalry |
| 25:10 | Queue | Scout Cavalry |
| 25:22 | Queue | Scout Cavalry |
| 25:22 | Queue | Scout Cavalry |
| 25:37 | Build | Farm |
| 25:37 | Build | Farm |
| 25:42 | Queue | Villager (Male) |
Build order — Ing.Patrick QG
First 150 of 314 actions detected
| 0:01 | Queue | Villager (Male) |
| 0:01 | Queue | Villager (Male) |
| 0:02 | Build | House |
| 0:05 | Build | House |
| 0:11 | Queue | Villager (Male) |
| 0:21 | Queue | Villager (Male) |
| 1:30 | Queue | Villager (Male) |
| 2:08 | Queue | Villager (Male) |
| 2:15 | Queue | Villager (Male) |
| 2:20 | Build | Lumber Camp |
| 2:57 | Queue | Villager (Male) |
| 3:07 | Queue | Villager (Male) |
| 3:51 | Queue | Villager (Male) |
| 3:53 | Build | House |
| 4:42 | Queue | Villager (Male) |
| 4:51 | Queue | Villager (Male) |
| 5:09 | Queue | Villager (Male) |
| 5:21 | Queue | Villager (Male) |
| 5:33 | Queue | Villager (Male) |
| 5:52 | Build | Barracks |
| 6:10 | Queue | Villager (Male) |
| 6:13 | Build | House |
| 6:33 | Queue | Militia |
| 7:04 | Queue | Militia |
| 7:12 | Queue | Villager (Male) |
| 7:19 | Queue | Militia |
| 7:43 | Research | Loom |
| 8:01 | Build | Mill |
| 8:13 | Queue | Villager (Male) |
| 8:26 | Build | House |
| 9:01 | Build | Mill |
| 9:01 | Queue | Villager (Male) |
| 9:38 | Queue | Villager (Male) |
| 9:42 | Build | Farm |
| 9:44 | Build | Farm |
| 9:47 | Build | House |
| 10:10 | Queue | Villager (Male) |
| 10:12 | Build | Farm |
| 10:15 | Build | Farm |
| 10:25 | Build | Palisade Wall |
| 10:32 | Queue | Villager (Male) |
| 10:45 | Build | Farm |
| 11:07 | Research | Feudal Age |
| 11:07 | Research | Feudal Age |
| 11:27 | Build | Mining Camp |
| 11:41 | Build | Palisade Wall |
| 12:16 | Build | Farm |
| 12:47 | Build | Palisade Wall |
| 12:51 | Build | Farm |
| 12:55 | Build | Palisade Wall |
| 13:17 | Age | Feudal Age |
| 13:19 | Queue | Villager (Male) |
| 13:24 | Queue | Villager (Male) |
| 13:29 | Build | Archery Range |
| 13:46 | Queue | Villager (Male) |
| 14:00 | Build | House |
| 14:07 | Build | Blacksmith |
| 14:12 | Build | Palisade Wall |
| 14:21 | Queue | Villager (Male) |
| 14:30 | Build | Palisade Wall |
| 14:31 | Build | Palisade Wall |
| 14:38 | Build | Palisade Wall |
| 14:39 | Queue | Villager (Male) |
| 14:51 | Build | Farm |
| 15:01 | Queue | Spearman |
| 15:09 | Queue | Villager (Male) |
| 15:23 | Queue | Villager (Male) |
| 15:27 | Build | Palisade Wall |
| 15:34 | Build | Farm |
| 15:36 | Queue | Villager (Male) |
| 16:42 | Queue | Villager (Male) |
| 16:49 | Build | Market |
| 17:18 | Research | Castle Age |
| 17:18 | Research | Castle Age |
| 17:23 | Queue | Archer |
| 17:31 | Build | Archery Range |
| 17:47 | Build | Lumber Camp |
| 18:02 | Queue | Archer |
| 18:07 | Research | Fletching |
| 18:18 | Research | Double-Bit Axe |
| 18:44 | Queue | Archer |
| 18:53 | Build | Farm |
| 18:54 | Build | Farm |
| 19:08 | Build | Palisade Wall |
| 19:12 | Queue | Archer |
| 19:12 | Queue | Archer |
| 19:42 | Queue | Archer |
| 19:52 | Queue | Archer |
| 19:58 | Age | Castle Age |
| 20:03 | Research | Crossbowman (upgrade) |
| 20:03 | Research | Crossbowman (upgrade) |
| 20:10 | Queue | Villager (Male) |
| 20:17 | Build | House |
| 20:40 | Build | Palisade Gate |
| 20:49 | Build | Palisade Wall |
| 20:50 | Build | Palisade Wall |
| 20:51 | Build | Palisade Wall |
| 21:00 | Build | Palisade Wall |
| 21:02 | Queue | Villager (Male) |
| 21:07 | Queue | Archer |
| 21:08 | Research | Bodkin Arrow |
| 21:09 | Queue | Villager (Male) |
| 21:19 | Queue | Archer |
| 21:19 | Queue | Archer |
| 21:19 | Queue | Archer |
| 21:22 | Build | Farm |
| 21:22 | Build | Farm |
| 21:29 | Queue | Villager (Male) |
| 21:44 | Queue | Villager (Male) |
| 21:46 | Build | Farm |
| 21:46 | Build | Farm |
| 21:51 | Queue | Archer |
| 21:51 | Queue | Archer |
| 21:51 | Queue | Archer |
| 21:55 | Build | House |
| 22:00 | Build | House |
| 22:16 | Queue | Villager (Male) |
| 22:20 | Queue | Archer |
| 22:20 | Queue | Archer |
| 22:21 | Queue | Villager (Male) |
| 22:42 | Build | House |
| 22:44 | Queue | Villager (Male) |
| 23:06 | Queue | Villager (Male) |
| 23:10 | Build | Town Center |
| 23:17 | Build | House |
| 23:20 | Queue | Villager (Male) |
| 23:48 | Build | House |
| 23:51 | Queue | Villager (Male) |
| 24:07 | Queue | Villager (Male) |
| 24:09 | Queue | Archer |
| 24:10 | Queue | Archer |
| 24:29 | Queue | Archer |
| 24:30 | Queue | Archer |
| 24:44 | Queue | Villager (Male) |
| 24:47 | Queue | Archer |
| 24:47 | Queue | Archer |
| 24:59 | Queue | Villager (Male) |
| 25:01 | Queue | Archer |
| 25:05 | Build | Town Center |
| 25:06 | Queue | Villager (Male) |
| 25:10 | Build | Farm |
| 25:11 | Build | Farm |
| 25:11 | Build | Farm |
| 25:11 | Build | Farm |
| 25:12 | Queue | Archer |
| 25:13 | Queue | Archer |
| 25:20 | Queue | Villager (Male) |
| 25:25 | Build | Town Center |
| 25:31 | Queue | Archer |
| 25:32 | Queue | Archer |
Match timeline
| 5:52 | Ing.Patrick QG · first_building Barracks |
| 9:05 | Snootydoor8937 · wall_segment Palisade Wall x3 |
| 10:25 | Ing.Patrick QG · wall_segment Palisade Wall x3 |
| 10:38 | Snootydoor8937 · first_building Barracks |
| 11:41 | Ing.Patrick QG · wall_segment Palisade Wall x15 |
| 11:41 | Snootydoor8937 · age_up feudal |
| 12:16 | Snootydoor8937 · first_building Stable |
| 12:47 | Ing.Patrick QG · wall_segment Palisade Wall x1 |
| 12:55 | Ing.Patrick QG · wall_segment Palisade Wall x9 |
| 13:03 | Snootydoor8937 · first_market_sell 100 stone |
| 13:05 | Snootydoor8937 · first_market_buy 100 food |
| 13:17 | Ing.Patrick QG · age_up feudal |
| 13:29 | Ing.Patrick QG · first_building Archery Range |
| 14:12 | Ing.Patrick QG · wall_segment Palisade Wall x1 |
| 14:30 | Ing.Patrick QG · wall_segment Palisade Wall x1 |
| 14:31 | Ing.Patrick QG · wall_segment Palisade Wall x1 |
| 14:38 | Ing.Patrick QG · wall_segment Palisade Wall x17 |
| 15:27 | Ing.Patrick QG · wall_segment Palisade Wall x12 |
| 16:35 | Snootydoor8937 · age_up castle |
| 16:39 | Snootydoor8937 · first_building Monastery |
| 19:08 | Ing.Patrick QG · wall_segment Palisade Wall x1 |
| 19:58 | Ing.Patrick QG · age_up castle |
| 20:49 | Ing.Patrick QG · wall_segment Palisade Wall x1 |
| 20:50 | Ing.Patrick QG · wall_segment Palisade Wall x1 |
| 20:51 | Ing.Patrick QG · wall_segment Palisade Wall x1 |
| 21:00 | Ing.Patrick QG · wall_segment Palisade Wall x1 |
| 23:04 | Ing.Patrick QG · first_market_buy 100 wood |
| 27:44 | Ing.Patrick QG · first_building Stable |
| 33:02 | Ing.Patrick QG · wall_segment Palisade Wall x1 |
| 34:21 | Snootydoor8937 · age_up imperial |
| 35:42 | Ing.Patrick QG · first_building Castle |
| 35:54 | Ing.Patrick QG · first_market_sell 100 wood |
| 37:30 | Ing.Patrick QG · resign |
[ AI ANALYSIS · 1 CREDIT ]
What really happened in this match?
Wolo.gg analyzes every decision: build order, eco, micro, common mistakes by bracket. Personalized analysis on WhatsApp or Discord in 30 seconds.
Civ guide
Saracens
Perfil
Snootydoor8937